 Dungeon Crawl Stone Soup version 0.20.0-4-g10b340a (webtiles) character file.

161 JustSomeDude the Shield-Bearer (level 5, -5/41 HPs)
             Began as a Demonspawn Fighter on May 27, 2017.
             Slain by Pikel
             ... wielding a +0 whip of electrocution
              (15 damage)
             ... on level 4 of the Dungeon.
             The game lasted 00:06:42 (2534 turns).

JustSomeDude the Shield-Bearer (Demonspawn Fighter) Turns: 2534, Time: 00:06:42

Health: -5/41      AC: 12    Str: 18      XL:     5   Next: 19%
Magic:  5/5        EV:  7    Int:  7 (9)  God:
Gold:   252        SH:  8    Dex: 10 (12) Spells: 4/4 levels left

rFire    . . .     SeeInvis .   a - +0 trident
rCold    + + .     Gourm    .   c - +0 shield
rNeg     . . .     Faith    .   b - +0 scale mail
rPois    .         Spirit   .   (no helmet)
rElec    .         Reflect  .   (no cloak)
rCorr    .         Harm     .   (no gloves)
MR       +....                  p - +2 pair of boots
Stlth    ..........             (no amulet)
Regen    0.2/turn               m - ring of stealth
MPRegen  0.1/turn               o - ring of loudness (curse)

@: flying, drained
A: hooves 1, thin metallic scales 1, cold resistance 2, magic resistance 1,
shaggy fur 1, wild magic 1
a: no special abilities


You were on level 4 of the Dungeon.
You were not hungry.

You visited 1 branch of the dungeon, and saw 4 of its levels.

You collected 252 gold pieces.

Inventory:

Hand Weapons
 a - a +0 trident (weapon)
Armour
 b - a +0 scale mail (worn)
 c - a +0 shield (worn)
 p - a +2 pair of boots (worn)
Jewellery
 m - a ring of stealth (left hand)
 n - an uncursed amulet of faith
 o - a cursed ring of loudness (right hand)
 x - an uncursed ring of fire {unknown}
Scrolls
 d - a scroll of fog {unknown}
 e - a scroll of remove curse {unknown}
 g - 4 scrolls of identify {unknown}
 i - 2 scrolls of blinking {unknown}
 j - a scroll of enchant armour {unknown}
 l - a scroll of magic mapping {unknown}
 q - 2 scrolls of enchant weapon {unknown}
 u - a scroll of teleportation {unknown}
 v - a scroll of amnesia {unknown}
 y - a scroll of noise {unknown}
Books
 s - a book of Cantrips

   Spells                             Type                      Level
   a - Confusing Touch                Hexes                        1
   b - Animate Skeleton               Necromancy                   1
   c - Summon Small Mammal            Summoning                    1
   d - Apportation                    Translocation                1
Comestibles
 f - 3 bread rations
 w - a royal jelly
 z - a meat ration


   Skills:
 + Level 3.3(2.3) Fighting
 + Level 3.1(2.2) Polearms
 + Level 3.4(2.4) Armour
 + Level 0.3(0.0) Dodging
 + Level 0.2(0.0) Stealth
 + Level 3.6(2.6) Shields


You had 4 spell levels left.
You didn't know any spells.

Dungeon Overview and Level Annotations

Branches:
Dungeon (4/15)
 Temple: D:4-7

Altars:
Cheibriados
Uskayaw

Annotations:
D:3 Sigmund
D:4 Pikel


Innate Abilities, Weirdness & Mutations

You have large cloven feet.
You are partially covered in thin metallic scales. (AC +2)
Your flesh is very cold resistant. (rC++)
You are resistant to hostile enchantments. (MR+)
You are covered in fur. (AC +1)
Your spells are a little harder to cast, but a little more powerful.


Message History

Pikel is severely wounded.
Pikel hits you but does no damage.
You hit Pikel.
Pikel is severely wounded.
You block Pikel's attack.
You hit Pikel but do no damage.
Pikel is severely wounded.
Pikel barely misses you.
Pikel hits you with a whip of electrocution.
* * * LOW HITPOINT WARNING * * *
Press: ? - help, v - describe, . - travel The floor.
Unknown command.
Attack whom?
Press: ? - help, Dir - move target cursor, f/p - Pikel
Aim: Pikel, wielding a whip of electrocution and wearing a robe (severely wounded)
You reach to attack!
You puncture Pikel!
Pikel is almost dead.
Pikel hits you but does no damage.
You are electrocuted!
You die...

#....... ....#######.#.
#..(... .......÷<.....
..#.....# ....##########
#.#...!.# . #.......
######.#.....# #.######
.....#>#..K..# #)#
.....#.#...# #.#
.....#.#†..############
#.#
.....#'#.....ppK@.....#
#.#
............#########.#
#.# ............# #.#
............+ #.#
###........^############
#.######
#.........'..........#
#....<#.
#.........##########.#
#...#.#. #.........# #.#
#.#.#.#. #.........# #.#
#.#.#...


You could see Pikel and 2 slaves.

Vanquished Creatures
  A hound (D:4)
  Natasha (D:3)
  Robin (D:3)
  3 adders
  An ooze (D:3)
  2 worms (D:2)
  A dart slug (D:3)
  A leopard gecko (D:2)
  5 orcs (D:3)
  A ball python (D:2)
  2 bats (D:2)
  A giant cockroach (D:3)
  15 goblins
  4 hobgoblins
  A quokka (D:2)
  5 frilled lizards
  4 kobolds
  5 rats
54 creatures vanquished.

Vanquished Creatures (others)
  4 plants (D:3)
4 creatures vanquished.

Grand Total: 58 creatures vanquished

Notes
Turn   | Place    | Note
-------+----------+-------------------------------------------
     0 | D:1      | JustSomeDude the Demonspawn Fighter began the quest for the Orb.
     0 | D:1      | Reached XP level 1. HP: 18/18 MP: 1/1
   504 | D:1      | Gained mutation: Your flesh is cold resistant. (rC+) [demonic ancestry]
   504 | D:1      | Reached XP level 2. HP: 24/24 MP: 2/2
  1050 | D:2      | Gained mutation: You have large cloven feet. [demonic ancestry]
  1050 | D:2      | Reached XP level 3. HP: 14/29 MP: 3/3
  1665 | D:3      | Noticed a hand axe
  1666 | D:3      | Noticed a hand axe
  1670 | D:3      | Found a hide-covered altar of Uskayaw.
  1735 | D:3      | Found a snail-covered altar of Cheibriados.
  1756 | D:3      | Noticed Robin
  1809 | D:3      | Reached XP level 4. HP: 14/35 MP: 4/4
  1820 | D:3      | Gained mutation: You evolve. [potion of mutation]
  1820 | D:3      | Gained mutation: You are partially covered in thin metallic scales. (AC +2) [potion of mutation]
  1820 | D:3      | Gained mutation: You have a pair of small horns on your head. [potion of mutation]
  1831 | D:3      | Killed Robin
  2155 | D:3      | Noticed Natasha
  2177 | D:3      | Killed Natasha
  2298 | D:3      | Noticed Sigmund
  2500 | D:4      | Mutation became permanent: You are partially covered in thin metallic scales. (AC +2) [demonic ancestry]
  2500 | D:4      | Gained mutation: You are partially covered in thin metallic scales. (AC +2) [demonic ancestry]
  2500 | D:4      | Reached XP level 5. HP: 37/41 MP: 5/5
  2503 | D:4      | Noticed a slave
  2503 | D:4      | Noticed Pikel
  2505 | D:4      | Lost mutation: You have a pair of small horns on your head. [potion of mutation]
  2505 | D:4      | Lost mutation: You evolve. [potion of mutation]
  2505 | D:4      | Gained mutation: You are covered in fur. (AC +1) [potion of mutation]
  2505 | D:4      | Gained mutation: You are resistant to hostile enchantments. (MR+) [potion of mutation]
  2505 | D:4      | Gained mutation: Your flesh is very cold resistant. (rC++) [potion of mutation]
  2505 | D:4      | Gained mutation: Your spells are a little harder to cast, but a little more powerful. [potion of mutation]
  2516 | D:4      | Noticed a slave
  2534 | D:4      | Slain by Pikel

Skill      XL: |  1  2  3  4 |
---------------+-------------+-----
Polearms       | 2 3 |  3.1
Shields        | 3 |  3.6
Armour         | 3 |  3.4
Fighting       | |  3.3
Dodging        | |  0.3
Stealth        | |  0.2

Action                   |  1- 3 |  4- 6 || total
-------------------------+-------+-------++-------
Melee: Trident           |   160 |    91 ||   251
       Headbutt          |       |     7 ||     7
  Use: Potion            |     1 |     6 ||     7
  Eat: Chunk             |     3 |     1 ||     4
       Fruit             |       |     2 ||     2
Armor: Scale mail        |    93 |    44 ||   137
       Skin              |       |     2 ||     2
Dodge: Dodged            |    47 |    32 ||    79
Block: Shield            |    99 |    39 ||   138
